Map: Frozen Temple

Players

Miszu

  • Race: Terran Terran
  • League: Master

Drager - Winner!

  • Race: Protoss Protoss
  • League: Master

VOD

Have the link to the VOD?

Description

Time

  • Played on: July 4, 2016, 4:32 p.m.
  • Length: 5:38
Show
View Real Time Build Order
Export as new Build Order

Miszu Terran 

Build Orders: 1/1/1, Liberator Opening 

Get SALT Encoding   

  12  0:00  SCV  
  13  0:12  SCV  
  14  0:17  Supply Depot  
  14  0:24  SCV  
  15  0:35  Refinery  
  15  0:39  SCV  
  16  0:45  Barracks  
  16  0:51  SCV  
  17  1:03  Refinery, SCV  
  18  1:15  SCV  
  20  1:33  Factory  
  20  1:35  Orbital Command  
  20  1:36  Marine  
  20  1:43  Supply Depot  
  20  1:54  Marine  
  20  2:00  SCV  
  22  2:12  Barracks Reactor  
  22  2:14  SCV  
  23  2:17  Starport  
  23  2:18  Factory Tech Lab  
  23  2:26  SCV  
  23  2:27  Supply Depot  
  24  2:38  SCV  
  24  2:40  Siege Tank  
  28  2:48  Marine  
  28  2:49  Marine  
  31  2:51  SCV  
  31  2:56  Medivac  
  33  2:59  Supply Depot  
  33  3:03  SCV  
  34  3:06  Marine x2  
  36  3:15  Liberator  
  36  3:21  Cyclone  
  36  3:26  Supply Depot  
  43  3:43  Marine x2  
  44  3:56  Supply Depot  
  44  4:01  Marine x2  
  46  4:03  Bunker  
  46  4:11  Siege Tank  
  48  4:19  Marine  
  48  4:20  Supply Depot  
  46  4:25  Marine  
  46  4:29  Liberator  
  46  4:36  Marine  
  46  4:37  SCV  
  48  4:42  Supply Depot, Marine  
  48  4:48  Siege Tank  
  48  4:49  SCV  
  55  4:54  Marine  
  56  5:00  Marine  
  57  5:12  Marine  
  58  5:18  Marine  
  58  5:29  Bunker  
  58  5:30  Bunker  
Show
View Real Time Build Order
Export as new Build Order

Drager Protoss - Winner!

Build Orders: 1 Gate Expand 

Get SALT Encoding   

  12  0:01  Probe (Chrono Boost)  
  13  0:11  Probe (Chrono Boost)  
  14  0:17  Pylon  
  14  0:22  Probe (Chrono Boost)  
  16  0:35  Probe (Chrono Boost)  
  16  0:36  Gateway  
  16  0:46  Probe (Chrono Boost), Assimilator  
  17  0:57  Probe (Chrono Boost)  
  18  1:07  Probe (Chrono Boost)  
  19  1:24  Nexus  
  19  1:25  Probe (Chrono Boost)  
  20  1:36  Cybernetics Core  
  20  1:39  Probe (Chrono Boost)  
  21  1:46  Assimilator  
  21  1:49  Probe (Chrono Boost)  
  22  1:55  Pylon  
  22  2:00  Probe (Chrono Boost)  
  23  2:13  Stalker (Chrono Boost)  
  27  2:15  Warp Gate (Chrono Boost)  
  27  2:28  Robotics Facility  
  25  2:31  Probe  
  26  2:37  Probe  
  26  2:38  Stalker (Chrono Boost)  
  26  2:44  Probe  
  30  2:49  Probe  
  31  2:58  Gateway  
  31  3:03  Gateway  
  31  3:09  Stalker  
  33  3:15  Mothership Core  
  35  3:30  Immortal (Chrono Boost)  
  39  3:42  Pylon  
  39  3:58  Probe x2  
  39  3:59  Pylon  
  39  4:12  Stalker x3  
  45  4:19  Immortal (Chrono Boost)  
  47  4:27  Probe  
  47  4:28  Probe  
  47  4:39  Stalker x2, Probe  
  47  4:40  Stalker, Probe  
  55  4:51  Probe  
  55  4:52  Probe  
  57  4:56  Pylon  
  57  4:57  Observer (Chrono Boost)  
  58  5:03  Probe  
  59  5:09  Adept  
  61  5:15  Gateway  
  61  5:17  Gateway  
  61  5:20  Stalker x2  
  65  5:33  Adept  
Tags
 
Add a new tag
Caveats
  • Supply blocks, unpowered buildings, or Contaminate may cause inaccurate times.
  • Supply counts are checked every 10 seconds.